 Dungeon Crawl Stone Soup version 0.31.0 (webtiles) character file.

Game seed: 1373652520754965871

30 bpung the Changeling (level 3, 0/39 HPs)
             Began as a Merfolk Shapeshifter on Jan 20, 2024.
             Succumbed to a goblin's poison
             ... on level 1 of the Dungeon.
             The game lasted 00:01:45 (406 turns).

bpung the Changeling (Merfolk Shapeshifter)          Turns: 406, Time: 00:01:46

Health: 0/39       AC: 21    Str: 16    XL:     3   Next: 20%
Magic:  3/3        EV:  2    Int:  9    God:
Gold:   17         SH:  0    Dex: 13    Spells: 2/2 levels left

rFire   . .          .
                       - Unarmed
rCold   . . .        (no shield)
rNeg    . . .        a - melded +0 animal skin
rPois   +            (helmet currently unavailable)
rElec   .            (cloak currently unavailable)
rCorr   .            (gloves currently unavailable)
SInv    .            (boots currently unavailable)
Will    .....        (no amulet)
Stlth   +            (no ring)
HPRegen 0.26/turn    (no ring)
MPRegen 0.08/turn

%: no passive effects
@: lethally poisoned (0 -> -1), tree-form
A: stationary, stasis, torment immunity, boosted hp, (nimble swimmer 2),
(mertail)
a: no special abilities


You were on level 1 of the Dungeon.
You were a tree.
You visited 1 branch of the dungeon, and saw 1 of its levels.

You collected 17 gold pieces.

Inventory:

Missiles
 h - 2 poisoned darts (quivered)
Armour
 a - a +0 animal skin (melded)
Talismans
 c - a beast talisman
 d - a flux talisman
Scrolls
 e - a scroll of enchant weapon {unknown}
 f - a scroll of teleportation {unknown}
 g - a scroll of enchant armour {unknown}


   Skills:
 + Level 1.5 Fighting
 + Level 3.1 Dodging
 * Level 3.8 Unarmed Combat
 * Level 4.5 Shapeshifting


You had 2 spell levels left.
You didn't know any spells.
Your spell library was empty.

Dungeon Overview and Level Annotations

Branches:
Dungeon (1/15)

Altars:


Innate Abilities, Weirdness & Mutations

You are a tree.
Your roots penetrate the ground, keeping you stationary.
You cannot be teleported.
You are immune to unholy pain and torment.
Your maximum health is greatly increased.
Your equipment is partially melded.
((You are very nimble when in or above water. (Stealth+, EV+, Speed+++)))
((Your lower body shifts to a powerful aquatic tail in water.))


Message History

You hit the goblin.
You kill the goblin!
You feel very sick.
You feel very sick.
Items here: ) †††.
* * * LOW HITPOINT WARNING * * *
You feel sick.
You see here a hobgoblin corpse.
* * * LOW HITPOINT WARNING * * *
You feel sick.
* * * LOW HITPOINT WARNING * * *
You feel sick.
There is a lethal amount of poison in your body!
Your transformation has ended.
You turn into a tree.
Your +0 animal skin melds into your body.
Your roots penetrate the ground.
* * * LOW HITPOINT WARNING * * *
You feel sick.
There is a lethal amount of poison in your body!
There is a lethal amount of poison in your body!
There is a lethal amount of poison in your body!
There is a lethal amount of poison in your body!
There is a lethal amount of poison in your body!
There is a lethal amount of poison in your body!
There is a lethal amount of poison in your body!
There is a lethal amount of poison in your body!
There is a lethal amount of poison in your body!
There is a lethal amount of poison in your body!
There is a lethal amount of poison in your body!
There is a lethal amount of poison in your body!
* * * LOW HITPOINT WARNING * * *
You feel sick.
* * * LOW HITPOINT WARNING * * *
You feel sick.
* * * LOW HITPOINT WARNING * * *
You feel sick.
* * * LOW HITPOINT WARNING * * *
You feel sick.
You die...

#....... #......
#..... .. # ....
.###. #### #..#
.... .... #..#
..##..# #.#####..#
..###.###....)†.♣#
≈≈.≈≈≈≈≈≈#..###..#
≈≈≈.≈≈≈≈≈≈.## #..#
≈≈≈.≈≈≈≈≈≈≈## #..#
≈≈.≈≈≈≈≈8≈≈≈###..#
≈.≈≈≈≈≈≈≈≈≈≈##.>.#
≈.≈≈≈~~~≈≈≈≈.#.#.#
≈.≈≈~≈≈≈~≈≈~...#.#
≈≈..<≈≈≈≈~~≈.#.#.#


There were no monsters in sight!

Vanquished Creatures
  2 dart slugs (D:1)
  An endoplasm (D:1)
  2 giant cockroaches (D:1)
  5 hobgoblins (D:1)
  A quokka (D:1)
  3 ball pythons (D:1)
  3 bats (D:1)
  3 goblins (D:1)
  A kobold (D:1)
  2 rats (D:1)
23 creatures vanquished.

Notes
Turn   | Place    | Note
-------+----------+-------------------------------------------
     0 | D:1      | bpung the Merfolk Shapeshifter began the quest for the Orb.
     0 | D:1      | Reached XP level 1. HP: 15/15 MP: 1/1
    85 | D:1      | Reached XP level 2. HP: 20/21 MP: 2/2
   306 | D:1      | Reached XP level 3. HP: 16/26 MP: 3/3
   404 | D:1      | HP: 1/39 [poisoned by a goblin]
   406 | D:1      | Succumbed to a goblin's poison

Illustrated notes

Levels and vault maps discovered:
D:1:      nzn_arrival_water_spiral, layout_rooms

Skill      XL: |  1  2 |
---------------+-------+-----
Dodging        | 3 |  3.1
Fighting       | |  1.5
Unarmed Combat | |  3.8
Shapeshifting  | |  4.5

Action                     || total
---------------------------++-------
  Melee: Unarmed           ||    56
    Use: Potion            ||     1
   Stab: Sleeping          ||     1
 Armour: Animal skin       ||    28
  Dodge: Dodged            ||    40
